 Dungeon Crawl Stone Soup version 0.29-a0-380-gf50f0a9fbc (webtiles) character file.

Game seed: 15330851291519140201

74659 Antichthon the Bludgeoner (level 15, -2/96 HPs)
             Began as a Gargoyle Fighter on May 6, 2022.
             Was a High Priest of the Shining One.
             Slain by swappor's ghost (3 damage)
             ... on level 6 of the Lair of Beasts.
             The game lasted 01:17:15 (28628 turns).

Antichthon the Bludgeoner (Gargoyle Fighter)       Turns: 28628, Time: 01:17:16

Health: -2/96      AC: 32    Str: 30    XL:     15   Next: 47%
Magic:  21/21      EV: 12    Int: 15    God:    the Shining One [*****.]
Gold:   1790       SH: 10    Dex: 19    Spells: 14/14 levels left

rFire   . . .      SeeInvis .   a - +10 mace "Xaotz" {vorpal, rPois rCorr Str+3 Dex+4}
rCold   + . .      Faith    .   c - +3 warlock's mirror {reflect}
rNeg    + + +      Spirit   .   E - +1 plate armour {rC+}
rPois   ∞          Reflect  +   (helmet restricted)
rElec   +          Harm     .   p - scarf {repulsion}
rCorr   +          Rampage  .   C - +1 pair of gloves "Wymeul" {Will- Dex+6 Slay+3}
Will    .....                   v - +1 pair of boots
Stlth   ..........              F - amulet of regeneration
HPRegen 1.06/turn               J - +4 ring of slaying
MPRegen 0.17/turn               b - +6 ring of strength

@: about to teleport, flying, glowing, repel missiles
A: sickness immunity, AC +11, big wings, negative energy resistance 1,
electricity resistance, torment resistance 1, petrification resistance, horns 1
a: Renounce Religion, Divine Shield, Cleansing Flame, Summon Divine Warrior


You were on level 6 of the Lair of Beasts.
You worshipped the Shining One.
The Shining One was extremely pleased with you.
You visited 4 branches of the dungeon, and saw 19 of its levels.
You also visited: Ossuary, Ice Cave and Volcano.

You collected 2927 gold pieces.
You spent 1137 gold pieces at shops.

Inventory:

Hand Weapons
 a - the +10 mace "Xaotz" (weapon) {vorpal, rPois rCorr Str+3 Dex+4}
   (You bought it in a shop on level 2 of the Orcish Mines)

   It inflicts extra damage upon your enemies.
   Str:       It affects your strength (+3).
   Dex:       It affects your dexterity (+4).
   rPois:     It protects you from poison.
   rCorr:     It protects you from acid and corrosion.
 I - a +1 demon whip of venom
Missiles
 M - 3 silver boomerangs (quivered)
Armour
 c - the +3 warlock's mirror (worn) {reflect}
   (You took it off an orc warrior on level 2 of the Orcish Mines)

   It can block and reflect piercing ranged attacks and magical attacks against
   the wielder's willpower.
 j - a +0 helmet
 p - a scarf of repulsion (worn)
 t - a +0 pair of gloves of hurling
 v - a +1 pair of boots (worn)
 C - the +1 pair of gloves "Wymeul" (worn) {Will- Dex+6 Slay+3}
   (You found it on level 5 of the Dungeon)

   Dex:       It affects your dexterity (+6).
   Slay:      It affects your accuracy & damage with ranged weapons and melee
   (+3).
   Will:      It decreases your willpower.
 E - a +1 plate armour of cold resistance (worn)
Jewellery
 b - a +6 ring of strength (right hand)
 s - a ring of fire
 A - a ring of protection from fire
 F - an amulet of regeneration (around neck)
 J - a +4 ring of slaying (left hand)
 T - a ring of ice
Wands
 w - a wand of flame (13)
 y - a wand of mindburst (2)
 L - a wand of paralysis (10)
 N - a wand of polymorph (5)
Scrolls
 i - 2 scrolls of silence
 m - a scroll of magic mapping
 q - 3 scrolls of fog
 r - 3 scrolls of blinking
 u - 3 scrolls of enchant armour
 x - 3 scrolls of brand weapon
 B - a scroll of summoning
 D - a scroll of fear
 H - 3 scrolls of poison
 P - a scroll of vulnerability
 Q - 2 scrolls of enchant weapon
 S - a scroll of immolation
Potions
 d - a potion of might
 e - 3 potions of berserk rage
 f - 5 potions of cancellation
 g - 3 potions of lignification
 h - 5 potions of heal wounds
 k - 10 potions of curing
 l - a potion of resistance
 n - 5 potions of attraction
 o - a potion of brilliance
 z - 3 potions of ambrosia
 G - 4 potions of magic
Miscellaneous
 O - a phantom mirror


   Skills:
 * Level 11.9 Fighting
 * Level 16.3 Maces & Flails
 * Level 5.6 Throwing
 * Level 12.3 Armour
 * Level 7.1 Dodging
 * Level 10.5 Shields
 * Level 9.1 Invocations


You had 14 spell levels left.
You didn't know any spells.
Your spell library contained the following spells:

 Spells                   Type           Power      Damage    Failure   Level
 Sandblast                Erth           0%         2d4       90%         1
 Slow                     Hex            0%         N/A       90%         1
 Blink                    Tloc           0%         N/A       97%         2
 Ensorcelled Hibernation  Hex/Ice        0%         N/A       97%         2
 Passwall                 Tmut/Erth      0%         N/A       97%         2
 Confusing Touch          Hex            0%         N/A       99%         3
 Conjure Flame            Conj/Fire      0%         6-21      99%         3
 Dazzling Flash           Conj/Hex       0%         N/A       99%         3
 Gell's Gravitas          Tloc           0%         N/A       99%         3
 Ignite Poison            Fire/Tmut/Pois 0%         N/A       99%         3
 Lesser Beckoning         Tloc           0%         N/A       99%         3
 Swiftness                Air            0%         N/A       99%         3
 Teleport Other           Tloc           0%         N/A       99%         3
 Vampiric Draining        Necr           0%         2d6       99%         3
 Passage of Golubria      Tloc           0%         N/A       100%        4
 Sticky Flame             Conj/Fire      0%         2d3       100%        4
 Agony                    Necr           0%         N/A       100%        5
 Manifold Assault         Tloc           0%         N/A       100%        5
 Silence                  Hex/Air        0%         N/A       100%        5
 Summon Forest            Summ/Tloc      0%         N/A       100%        5
 Dispersal                Tloc           0%         N/A       100%        6
 Eringya's Noxious Bog    Tmut/Pois      0%         N/A       100%        6
 Summon Hydra             Summ           0%         N/A       100%        7
 Lehudib's Crystal Spear  Conj/Erth      0%         10d2      100%        8
 Chain Lightning          Conj/Air       0%         N/A       100%        9
 Fire Storm               Conj/Fire      0%         5d1       100%        9
 Shatter                  Erth           0%         3d5*      100%        9


Dungeon Overview and Level Annotations

Branches:
Dungeon (10/15)            Temple (1/1) D:7            Lair (6/6) D:8
  Swamp (0/4) Lair:4        Snake (0/4) Lair:4        Slime (0/5) Lair:5
    Orc (2/2) D:9             Elf (0/3) Orc:2       Ossuary (visited)
  IceCv (visited)         Volcano (visited)

Altars:
Ashenzari
Cheibriados
Dithmenos
Elyvilon
Fedhas
Gozag
Hepliaklqana
Kikubaaqudgha
Makhleb
Nemelex Xobeh
Okawaru
Qazlal
Ru
Sif Muna
Trog
Uskayaw
Vehumet
Wu Jian
Xom
Yredelemnul
Zin
The Shining One
Beogh
Lugonu

Shops:
D:1 *   Orc:2 [(!*

Portals:
Abyss: Lair:6

Annotations:
Lair:6 swappor's ghost, journeyman MiBe


Innate Abilities, Weirdness & Mutations

You are immune to sickness and miasma.
Your stone body is resilient. (AC +11)
You are immune to poison.
Your large and strong wings let you fly.
You resist negative energy. (rN+)
You are resistant to electric shocks. (rElec)
You are resistant to unholy torment.
You are immune to petrification.
You have a pair of small horns on your head.


Message History

You block the five-headed hydra simulacrum's attack.
The five-headed hydra simulacrum bites you but does no damage. x2
The five-headed hydra simulacrum barely misses you.
The five-headed hydra simulacrum bites you but does no damage.
You barely miss swappor's ghost. You block swappor's ghost's attack.
You block the five-headed hydra simulacrum's attack.
The five-headed hydra simulacrum bites you but does no damage.
The five-headed hydra simulacrum bites you.
The five-headed hydra simulacrum freezes you!
You resist.
The five-headed hydra simulacrum bites you but does no damage.
The five-headed hydra simulacrum bites you.
The five-headed hydra simulacrum freezes you!
You resist.
As you read the scroll of teleportation, it crumbles to dust.
You feel strangely unstable.
Swappor's ghost hits you but does no damage.
Unknown command.
You sock the five-headed hydra simulacrum!
The five-headed hydra simulacrum is heavily damaged.
You block the five-headed hydra simulacrum's attack.
The five-headed hydra simulacrum bites you.
The five-headed hydra simulacrum freezes you!
You resist.
* * * LOW HITPOINT WARNING * * *
The five-headed hydra simulacrum bites you!
* * * LOW HITPOINT WARNING * * *
The five-headed hydra simulacrum freezes you!
You resist.
* * * LOW HITPOINT WARNING * * *
The five-headed hydra simulacrum bites you.
* * * LOW HITPOINT WARNING * * *
The five-headed hydra simulacrum freezes you!
You resist.
* * * LOW HITPOINT WARNING * * *
The five-headed hydra simulacrum bites you but does no damage.
The boulder beetle simulacrum closely misses you.
Swappor's ghost hits you! The Shining One protects you from harm!
You die...

..#.W...##....#.....P.####.......
..##.Z...#....#......## #####...
#[.#Z...:##...'.."#.## ##P#
...#Z..=.$#...'....##### ###
..##.#...:#...'...## #.## ..#..#
..##...#..######.# ..#.Z#
#.Z.k#...#....###
..#...###...Z##ZZ........#
..##ZZ.....###..@.......##
#..###...###....W.......#
#.!..#####..............##
###......................# ##
#####.##...............# ##.
###.##............#### #..
##.#.............#.####..
##.##.#........#..#...P.
#####...##...........P.


You could see a rime drake, swappor's ghost, a five-headed hydra simulacrum and
a boulder beetle simulacrum.

Vanquished Creatures
  Rupert (Lair:5)
  4 orc warlords
  A red draconian (Volcano)
  A white draconian (IceCv)
  Snorg (Lair:6)
  The ghost of Pooter the Cleaver, a journeyman MiBe of Trog (Orc:2)
  2 hydras
  Erolcha (D:9)
  3 two-headed ogres
  4 orc high priests
  4 thrashing horrors (Lair:6)
  A deep elf knight (Orc:2)
  Amaemon (D:9)
  The ghost of CowFu the Spear-Bearer, a novice MiFi of Hepliaklqana (D:7)
  Nergalle (Lair:3)
  6 lindwurms
  The ghost of spaghetti the Archer, a novice GnWn (D:6)
  4 orc knights
  A deep elf pyromancer (Volcano)
  3 ugly things (Lair:6)
  A deep elf zephyrmancer (Orc:1)
  4 orc sorcerers
  4 cyclopes (Volcano)
  3 salamanders (Volcano)
  10 black mambas
  3 smoke demons (Lair:6)
  2 ice statues (IceCv)
  An orange demon (D:9)
  5 molten gargoyles (Volcano)
  2 gargoyles (Volcano)
  Maggie (D:7)
  8 cane toads
  10 komodo dragons
  9 rime drakes
  Psyche (D:8)
  2 polar bears
  7 trolls
  An ancient zyme (Lair:6)
  20 blink frogs
  Prince Ribbit (D:5)
  14 dream sheep
  2 spriggans (Lair:6)
  Sigmund (D:3)
  A ynoxinul (Lair:6)
  6 wyverns
  30 yaks
  Grum (Lair:1)
  3 wraiths
  2 chaos spawn (Lair:6)
  4 basilisks (Lair:6)
  2 large abominations (Lair:6)
  12 small abominations (Lair:6)
  Menkaure (D:5)
  5 wargs
  17 water moccasins
  An acid dragon (D:6)
  50 orc warriors
  3 black bears
  2 sky beasts (D:6)
  5 ogres
  3 wolves
  8 centaurs
  2 phantoms
  2 kobold brigands
  9 bullfrogs
  A gnoll sergeant (D:8)
  2 necrophages
  3 scorpions
  2 elf skeletons (D:4)
  16 wights
  7 lindwurm simulacra (IceCv)
  3 killer bees (D:8)
  A howler monkey (D:6)
  5 electric eels
  A lava snake (Orc:1)
  A hound (D:6)
  4 komodo dragon simulacra (IceCv)
  A centaur zombie (Ossuary)
  2 human zombies (D:4)
  5 jellies
  25 orc priests
  A human skeleton (D:4)
  3 iguanas
  31 orc wizards
  5 hell rats (Lair:5)
  6 mummies
  5 acid dragon simulacra (IceCv)
  9 gnolls
  7 adders
  2 white imps
  2 ufetubi
  5 steam dragon simulacra (IceCv)
  4 worms
  5 dart slugs
  106 orcs
  4 ball pythons
  6 bats
  6 endoplasms
  5 giant cockroaches
  6 goblins
  5 hobgoblins
  3 quokkas
  5 frilled lizards
  4 hobgoblin zombies (Ossuary)
  16 kobolds
  An orc skeleton (D:4)
  6 rats
660 creatures vanquished.

Vanquished Creatures (others)
  63 fungi
  72 plants
  2 withered plants (Orc:2)
137 creatures vanquished.

Grand Total: 797 creatures vanquished

Notes
Turn   | Place    | Note
-------+----------+-------------------------------------------
     0 | D:1      | Antichthon the Gargoyle Fighter began the quest for the
                  | Orb.
     0 | D:1      | Reached XP level 1. HP: 14/14 MP: 1/1
   233 | D:1      | Found Qent's General Store.
   338 | D:1      | Reached XP level 2. HP: 19/19 MP: 2/2
   620 | D:1      | Found a faded altar of an unknown god.
   635 | D:1      | Got Plato's Collected Works on the Rocks
   925 | D:2      | Reached XP level 3. HP: 21/23 MP: 3/3
  1254 | D:2      | Found a broken altar of Ashenzari.
  1738 | D:3      | Reached XP level 4. HP: 28/29 MP: 4/4
  1782 | D:3      | Noticed Sigmund
  1790 | D:3      | Killed Sigmund
  1791 | D:3      | Reached skill level 3 in Maces & Flails
  1791 | D:3      | Reached skill level 1 in Dodging
  1791 | D:3      | Reached skill level 1 in Invocations
  1791 | D:3      | Reached XP level 5. HP: 33/33 MP: 4/6
  2041 | D:3      | Reached XP level 6. HP: 38/38 MP: 7/7
  2061 | D:3      | Reached skill level 4 in Maces & Flails
  2523 | D:4      | Reached XP level 7. HP: 40/43 MP: 8/8
  2563 | D:4      | Found a sand-covered staircase.
  2635 | Ossuary  | Entered an ossuary
  2650 | Ossuary  | Reached skill level 5 in Maces & Flails
  3633 | D:5      | Entered Level 5 of the Dungeon
  3715 | D:5      | Found an opulent altar of Gozag.
  3801 | D:5      | Reached XP level 8. HP: 46/48 MP: 10/10
  3844 | D:5      | Noticed Menkaure
  3871 | D:5      | Killed Menkaure
  3872 | D:5      | Reached skill level 6 in Maces & Flails
  3872 | D:5      | Reached skill level 5 in Armour
  3934 | D:5      | Reached skill level 5 in Shields
  4160 | D:5      | Found a radiant altar of Vehumet.
  4178 | D:5      | Identified the +1 pair of gloves "Wymeul" {Will- Dex+6
                  | Slay+3}
  4225 | D:5      | Noticed Prince Ribbit
  4235 | D:5      | Killed Prince Ribbit
  4722 | D:5      | Found a burning altar of Makhleb.
  4731 | D:5      | Gained mutation: Armour fits poorly on your strangely
                  | shaped body. [potion of mutation]
  4731 | D:5      | Gained mutation: You are weak. (Str -2) [potion of
                  | mutation]
  4731 | D:5      | Lost mutation: Armour fits poorly on your strangely shaped
                  | body. [potion of mutation]
  4731 | D:5      | Gained mutation: Your natural rate of healing is unusually
                  | fast. [potion of mutation]
  4732 | D:5      | Lost mutation: You are weak. (Str -2) [potion of mutation]
  4732 | D:5      | Lost mutation: Your natural rate of healing is unusually
                  | fast. [potion of mutation]
  4732 | D:5      | Gained mutation: You occasionally shout uncontrollably at
                  | your foes. [potion of mutation]
  4778 | D:5      | Reached skill level 5 in Fighting
  4786 | D:5      | Reached skill level 7 in Maces & Flails
  4891 | D:5      | Reached XP level 9. HP: 45/54 MP: 9/11
  5053 | D:5      | Reached skill level 8 in Maces & Flails
  5190 | D:6      | Found an iron altar of Okawaru.
  5385 | D:6      | Found a snail-covered altar of Cheibriados.
  5446 | D:6      | Found a large runed translucent door.
  5446 | D:6      | Found a large runed translucent door.
  5448 | D:6      | Noticed spaghetti's ghost (novice GnWn)
  5478 | D:6      | Found an ancient bone altar of Kikubaaqudgha.
  5482 | D:6      | Found a blossoming altar of Fedhas.
  5707 | D:7      | Found a large runed translucent door.
  5707 | D:7      | Found a large runed translucent door.
  5718 | D:7      | Noticed CowFu's ghost (novice MiFi)
  5900 | D:7      | Found a staircase to the Ecumenical Temple.
  6245 | D:6      | Identified the +2 leather armour of Fortitude {Drain rF+
                  | Regen+}
  6350 | D:1      | Bought a +1 plate armour of cold resistance for 350 gold
                  | pieces
  6533 | D:7      | Reached skill level 9 in Maces & Flails
  6573 | D:7      | Found a glowing golden altar of the Shining One.
  6585 | D:7      | Noticed Maggie
  6596 | D:7      | Killed Maggie
  6597 | D:7      | Reached XP level 10. HP: 53/60 MP: 11/13
  6689 | D:7      | Found a shimmering blue altar of Sif Muna.
  6853 | D:8      | Found a staircase to the Lair.
  7072 | D:8      | Reached skill level 10 in Maces & Flails
  7163 | D:8      | Reached skill level 5 in Invocations
  7347 | D:8      | Noticed a two-headed ogre
  7360 | D:8      | Killed a two-headed ogre
  7961 | D:8      | Noticed Psyche
  7976 | D:8      | Killed Psyche
  8305 | D:9      | Reached XP level 11. HP: 51/67 MP: 12/15
  8313 | D:9      | Reached skill level 11 in Maces & Flails
  8941 | D:9      | Found a staircase to the Orcish Mines.
  8942 | D:9      | Noticed Erolcha
  8946 | D:9      | Killed Erolcha
  9248 | D:9      | Noticed Amaemon
  9267 | D:9      | Killed Amaemon
  9349 | Temple   | Entered the Ecumenical Temple
  9542 | D:7      | Became a worshipper of the Shining One
 10141 | D:10     | Entered Level 10 of the Dungeon
 10347 | D:10     | Noticed a two-headed ogre
 10354 | D:10     | Killed a two-headed ogre
 10717 | D:10     | Reached skill level 12 in Maces & Flails
 11168 | Lair:1   | Entered Level 1 of the Lair of Beasts
 11401 | Lair:1   | Reached skill level 1 in Throwing
 11560 | Lair:1   | Reached XP level 12. HP: 18/73 MP: 3/16
 11820 | Lair:1   | You fall into a shaft and drop 1 floor!
 11823 | Lair:2   | Found a bloodstained altar of Trog.
 12180 | Lair:1   | Noticed Grum
 12195 | Lair:1   | Killed Grum
 12485 | Lair:1   | Reached skill level 5 in Dodging
 14116 | Lair:3   | Noticed Nergalle
 14235 | Lair:3   | Found a dark tunnel.
 14246 | Volcano  | Entered a volcano
 14282 | Volcano  | Reached skill level 13 in Maces & Flails
 14816 | Volcano  | Reached * piety under the Shining One
 15044 | Volcano  | Reached skill level 10 in Armour
 15084 | Volcano  | Noticed an orb of fire
 15120 | Volcano  | Noticed an orb of fire
 15233 | Volcano  | Noticed a red draconian
 15247 | Volcano  | Killed a red draconian
 15248 | Volcano  | Reached XP level 13. HP: 31/80 MP: 0/18
 15581 | Lair:3   | Killed Nergalle
 16301 | Lair:4   | Found a staircase to the Swamp.
 16564 | Lair:4   | Lost mutation: You occasionally shout uncontrollably at
                  | your foes. [potion of mutation]
 16564 | Lair:4   | Gained mutation: You have a pair of small horns on your
                  | head. [potion of mutation]
 16564 | Lair:4   | Gained mutation: Armour fits poorly on your strangely
                  | shaped body. [potion of mutation]
 16564 | Lair:4   | Gained mutation: You have sharp toenails. [potion of
                  | mutation]
 16718 | Lair:4   | Reached skill level 14 in Maces & Flails
 16803 | Lair:4   | Found a staircase to the Snake Pit.
 17206 | Lair:4   | Identified the +5 battleaxe of Poocwy Ineink {elec, rF+}
 17490 | Lair:5   | Noticed Rupert
 17493 | Lair:5   | Paralysed by Rupert for 7 turns
 17685 | Lair:5   | Reached skill level 10 in Fighting
 18101 | Lair:5   | Found a staircase to the Slime Pits.
 18157 | Lair:5   | Paralysed by Rupert for 4 turns
 18165 | Lair:5   | Identified the +2 robe "Cydi" {Dex+3}
 18851 | Lair:5   | Killed Rupert
 19018 | Lair:6   | Entered Level 6 of the Lair of Beasts
 19070 | Lair:6   | Found a runed translucent gate.
 19071 | Lair:6   | Found a runed translucent gate.
 19072 | Lair:6   | Found a runed translucent gate.
 19250 | Lair:6   | Gained mutation: Your large and strong wings let you fly.
                  | [Gargoyle growth]
 19250 | Lair:6   | Reached XP level 14. HP: 31/88 MP: 19/19
 19692 | Lair:6   | Reached ** piety under the Shining One
 19912 | Lair:6   | Reached skill level 15 in Maces & Flails
 20079 | Lair:6   | Reached *** piety under the Shining One
 20431 | Lair:6   | Found a corrupted altar of Lugonu.
 20431 | Lair:6   | Found a one-way gate to the infinite horrors of the Abyss.
 20892 | Lair:6   | Identified the +1 plate armour of Charity {-Tele Contam
                  | rElec rPois}
 21002 | Lair:6   | Reached **** piety under the Shining One
 21020 | Lair:6   | Noticed swappor's ghost (journeyman MiBe)
 21335 | Lair:6   | Noticed Snorg
 21381 | Lair:6   | Killed Snorg
 21800 | Orc:1    | Entered Level 1 of the Orcish Mines
 21837 | Orc:2    | Entered Level 2 of the Orcish Mines
 21964 | Orc:1    | Found a frozen archway.
 22163 | IceCv    | Entered an ice cave
 22322 | IceCv    | Reached skill level 5 in Throwing
 22781 | IceCv    | Noticed a white draconian
 22786 | IceCv    | Reached ***** piety under the Shining One
 22802 | IceCv    | Killed a white draconian
 23334 | Lair:4   | Identified the amulet "Hoceut" {Faith rPois Str+2}
 23342 | Lair:4   | Identified the +9 falchion "Duiplitu" {pain, rF+}
 23553 | Orc:2    | Found a runed translucent door.
 23730 | Orc:1    | You are sucked into a shaft and drop 1 floor!
 24495 | Orc:1    | Noticed an orc warlord
 24509 | Orc:1    | Killed an orc warlord
 24510 | Orc:1    | Reached skill level 10 in Shields
 24510 | Orc:1    | Reached XP level 15. HP: 84/95 MP: 21/21
 24819 | Orc:2    | Noticed Pooter's ghost (journeyman MiBe)
 24846 | Orc:2    | Found a staircase to the Elven Halls.
 24849 | Orc:2    | Paralysed by an orc sorcerer for 7 turns
 24849 | Orc:2    | Noticed an orc warlord
 25042 | Orc:1    | Killed an orc warlord
 25043 | Orc:1    | Reached skill level 16 in Maces & Flails
 25594 | Orc:2    | Noticed an orc warlord
 25744 | Orc:2    | Killed an orc warlord
 26658 | Orc:2    | Found Wutorho's Distillery.
 26678 | Orc:2    | Bought a potion of mutation for 144 gold pieces
 26678 | Orc:2    | Lost mutation: Armour fits poorly on your strangely shaped
                  | body. [potion of mutation]
 26678 | Orc:2    | Lost mutation: You have sharp toenails. [potion of
                  | mutation]
 26678 | Orc:2    | Gained mutation: You have large cloven feet. [potion of
                  | mutation]
 26678 | Orc:2    | Lost mutation: You have large cloven feet. [potion of
                  | mutation]
 27196 | Orc:2    | Found Lamat's Assorted Antiques.
 27216 | Orc:2    | Bought a pair of embroidered gloves for 232 gold pieces
 27216 | Orc:2    | Bought a golden potion for 27 gold pieces
 27216 | Orc:2    | Bought 2 golden potions for 55 gold pieces
 27368 | Orc:2    | Noticed an orc warlord
 27447 | Orc:2    | Killed an orc warlord
 27686 | Orc:2    | Found Geuv's Antique Armour Boutique.
 27690 | Orc:2    | Found Covem's Antique Weapon Shop.
 27695 | Orc:2    | Bought a scorched mace for 264 gold pieces
 27695 | Orc:2    | Identified the +10 mace "Xaotz" {vorpal, rPois rCorr Str+3
                  | Dex+4} (You bought it in a shop on level 2 of the Orcish
                  | Mines)
 27943 | Orc:2    | Killed Pooter's ghost
 28103 | D:6      | Killed spaghetti's ghost
 28239 | D:1      | Bought a scroll of fear for 35 gold pieces
 28239 | D:1      | Bought a scroll of teleportation for 30 gold pieces
 28370 | D:7      | Killed CowFu's ghost
 28628 | Lair:6   | HP: 1/96 [five-headed hydra simulacrum (7)]
 28628 | Lair:6   | The Shining One protects you from harm!
 28628 | Lair:6   | Slain by swappor's ghost

Illustrated notes

Levels and vault maps discovered:
D:1:      matt_arrival_spirals, layout_rooms, serial_shops, shop_statue,
          shapermc_ecumenical_altar_rom_forum, corexii_item_surrounded_by_moat,
          minmay_misc_feat_enclosed, minmay_misc_feat_tower
D:2:      layout_rooms, basic_altar, serial_glass, glass_columns_a,
          glass_columns_a, minmay_misc_feat_columns
D:3:      minmay_inner_zag, layout_loops_ring, uniq_sigmund
D:4:      layout_cave_pools, nicolae_ossuary_entry_catacombs,
          chequers_serial_rivers_large_b
D:5:      layout_loops_cross, mainiacjoe_overflow_alcove_4,
          mainiacjoe_overflow_boulevard, lightli_temple_of_fire,
          uniq_prince_ribbit1, uniq_menkaure
D:6:      layout_cave_pools, grunt_temple_overflow_growth_and_decay,
          mainiacjoe_overflow_cross_hatched, slow_altar_1,
          ebering_ghost_disaster_area
D:7:      layout_cave_pools, nicolae_sif_muna_condensation,
          general_overflow_altar, minmay_temple_entry_from_below_a,
          ebering_ghost_disaster_area, minivault_5, uniq_maggie
D:8:      layout_gridville, due_lair_maze_entry_diamond, st_stairs_7,
          uniq_psyche
D:9:      layout_roguey, david_orc_4, dreamdust_princess_corridor,
          corner_web_ring, centaur_isle, uniq_erolcha, uniq_amaemon
D:10:     layout_stronghold
Temple:   dshaligram_water_room_temple
Lair:1:   layout_layer_cave, serial_bayou_crossing, serial_bayou_shore_a,
          lemuel_fruit_fields, grunt_megastairs_4, uniq_grum
Lair:2:   layout_gridlike, basic_altar, serial_rivers,
          chequers_serial_rivers_room_b, chequers_serial_rivers_room_b,
          chequers_serial_rivers_small_a, chequers_serial_rivers_room_b,
          chequers_serial_rivers_micro_d, chequers_serial_rivers_micro_b,
          chequers_serial_rivers_room_a, infiniplex_staircase_pool
Lair:3:   layout_hall_layers, nicolae_volcano_entry_hallway, uniq_nergalle
Lair:4:   layout_long_grid, minmay_swamp_entry_eels,
          minmay_snake_entry_six_corridors, minmay_lindwurm_lava,
          grunt_megastairs_5
Lair:5:   wander_river, layout_regular_city, minmay_slime_entry_pillars,
          nicolae_lair_lindhole, uniq_rupert
Lair:6:   hellmonk_lair_end_abyssal_woods, layout_cave_pods,
          gammafunk_ghost_icy, lemuel_fruit_tree, uniq_snorg
Orc:1:    layout_caves, portal_ice_cave_rime, nicolae_orc_lava_tube, elf_legates
Orc:2:    grunt_orc_community_town_hall, layout_caves,
          grunt_orc_community_big_house_1, grunt_orc_community_big_house_1,
          grunt_orc_community_house_2, grunt_orc_community_house_1,
          grunt_orc_community_house_3, grunt_orc_community_house_3,
          grunt_orc_community_house_3, gammafunk_ghost_grave,
          minmay_orc_treasury

Skill      XL: |  1  2  3  4  5  6  7  8  9 10 11 12 13 14 15 |
---------------+----------------------------------------------+-----
Fighting       | 4 5 6 7 8 9 10 11 | 11.9
Maces & Flails | 3 4 5 7 9 10 12 13 14 15 16 | 16.3
Armour         | 4 5 6 7 8 10 11 12 | 12.3
Dodging        | 1 2 3 4 5 6 7 |  7.1
Shields        | 4 5 6 7 8 9 10 | 10.5
Invocations    | 1 2 3 4 5 6 7 8 9 |  9.1
Throwing       | 1 3 4 5 |  5.6

Action                   |  1- 3 |  4- 6 |  7- 9 | 10-12 | 13-15 || total
-------------------------+-------+-------+-------+-------+-------++-------
Melee: Flail             |   125 |    78 |   184 |       |       ||   387
       Morningstar       |       |       |   123 |   492 |   884 ||  1499
       Headbutt          |       |       |       |       |   223 ||   223
       Mace              |       |       |       |       |    31 ||    31
Evoke: Wand              |       |       |       |       |     7 ||     7
  Use: Scroll            |     8 |     2 |     7 |    11 |     9 ||    37
       Potion            |       |       |     3 |     1 |     9 ||    13
 Stab: Invisible         |       |       |       |     3 |       ||     3
Armor: Scale mail        |    44 |       |       |       |       ||    44
       Chain mail        |    41 |    52 |   194 |       |       ||   287
       Plate armour      |       |       |     8 |   322 |   360 ||   690
       Skin              |       |       |       |     7 |       ||     7
Dodge: Dodged            |    65 |    42 |   153 |   225 |   263 ||   748
       Repelled          |       |       |     4 |     1 |     6 ||    11
Block: Buckler           |    34 |    28 |    97 |   118 |   445 ||   722
       Reflection        |       |       |       |       |    10 ||    10

Table legend: (Time is in decaauts)
 A = Elapsed time spent in this place.
 B = Non-inter-level travel time spent in this place.
 C = Inter-level travel time spent in this place.
 D = Time resting spent in this place.
 E = Time spent auto-exploring this place.
 F = Levels seen in this place.
 G = Mean time per level.
                   A        B        C        D        E       F      G
               +--------+--------+--------+--------+--------+-----+--------+
         Total |  28577 |  26615 |   1962 |   6191 |  14349 |  22 | 1299.0 |
       Dungeon |  11516 |  10300 |   1216 |    722 |   7144 |  10 | 1151.6 |
        Temple |    151 |    128 |     23 |      0 |    119 |   1 |  151.0 |
          Lair |   9620 |   9127 |    493 |   2049 |   5597 |   6 | 1603.3 |
  Orcish Mines |   4836 |   4607 |    229 |   1868 |   1317 |   2 | 2418.0 |
       Ossuary |    313 |    313 |      0 |    170 |     24 |   1 |  313.0 |
      Ice Cave |    914 |    914 |      0 |    563 |     22 |   1 |  914.0 |
       Volcano |   1224 |   1224 |      0 |    819 |    125 |   1 | 1224.0 |
               +--------+--------+--------+--------+--------+-----+--------+

Top non-repeatable levels by time:
   Orc:2: 3115 daAuts
  Lair:6: 2582 daAuts
     D:9: 1895 daAuts
  Lair:1: 1827 daAuts
   Orc:1: 1720 daAuts
  Lair:5: 1670 daAuts
     D:8: 1651 daAuts
     D:5: 1521 daAuts
  Lair:2: 1372 daAuts
  Lair:4: 1324 daAuts
 Volcano: 1224 daAuts
     D:3: 1057 daAuts
     D:4: 997 daAuts
     D:6: 988 daAuts
    D:10: 975 daAuts
